 Dungeon Crawl Stone Soup version 0.27-a0-323-gbd089401bb (webtiles) character file.

Game seed: 6662140602281398969

854 skwiii the Stinger (level 8, -2/41 HPs)
             Began as a Tengu Venom Mage on Feb 11, 2021.
             Was a Follower of Yredelemnul.
             Slain by a phantom (4 damage)
             ... on level 5 of the Dungeon.
             The game lasted 00:35:33 (7014 turns).

skwiii the Stinger (Tengu Venom Mage)               Turns: 7014, Time: 00:35:34

Health: -2/41      AC:  4    Str:  9    XL:     8   Next: 1%
Magic:  16/16      EV: 14    Int: 18    God:    Yredelemnul [*.....]
Gold:   210        SH:  5    Dex: 14    Spells: 10/16 levels left

rFire    + . .     SeeInvis .     - Unarmed
rCold    . . .     Faith    .   (no shield)
rNeg     + . .     Spirit   .   s - +2 robe {rF+}
rPois    .         Reflect  +   (helmet restricted)
rElec    .         Harm     .   (no cloak)
rCorr    .         Rampage  .   (no gloves)
Will     .....                  (boots unavailable)
Stlth    ++........             h - amulet of reflection
HPRegen  0.13/turn              x - ring of positive energy
MPRegen  0.15/turn              (no ring)

@: about to teleport
A: beak, talons 3, able to fly
a: Fly, Renounce Religion, Animate Remains


You were on level 5 of the Dungeon.
You worshipped Yredelemnul.
Yredelemnul was aware of your devotion.
You visited 1 branch of the dungeon, and saw 5 of its levels.

You collected 210 gold pieces.

Inventory:

Hand Weapons
 b - a +0 spear
 r - a +1 scythe
Armour
 a - a +0 robe
 d - quicksilver dragon scales
 l - a +0 robe
 n - a +0 robe
 p - a +0 robe
 q - a +0 scale mail
 s - a +2 robe of fire resistance (worn)
 t - a +0 pair of boots
Jewellery
 h - an amulet of reflection (around neck)
 x - a ring of positive energy (left hand)
Wands
 w - a wand of digging (7)
Scrolls
 c - a scroll of amnesia {unknown}
 f - a scroll of enchant weapon
 g - 3 scrolls of teleportation
 j - a scroll of enchant armour {unknown}
 k - a scroll of random uselessness {unknown}
 m - a scroll of immolation {unknown}
 o - a scroll of magic mapping {unknown}
 u - a scroll of noise {unknown}
Potions
 e - a potion of ambrosia
 v - a potion of brilliance


   Skills:
 + Level 4.2 Dodging
 - Level 2.0 Stealth
 * Level 2.3 Unarmed Combat
 * Level 4.8 Spellcasting
 + Level 2.7 Transmutations
 * Level 5.7 Poison Magic


You had 10 spell levels left.
You knew the following spells:

 Your Spells              Type           Power        Failure   Level
a - Sting                 Tmut/Pois      76%          2%          1
b - Poisonous Vapours     Pois/Air       28%          6%          2
c - Ignite Poison         Fire/Tmut/Pois 14%          13%         3

Your spell library contained the following spells:

 Spells                   Type           Power        Failure   Level
 Olgreb's Toxic Radiance  Pois           24%          13%         4
 Mephitic Cloud           Conj/Pois/Air  11%          19%         3


Dungeon Overview and Level Annotations

Branches:
Dungeon (5/15)
 Temple: D:4-7

Altars:
Ashenzari
Uskayaw
Vehumet
Yredelemnul


Innate Abilities, Weirdness & Mutations

You have a beak for a mouth.
You have claws for feet.
You can fly continuously.


Message History

You completely miss the phantom.
The phantom is heavily damaged.
The phantom barely misses you.
You hit the phantom. You claw the phantom, but do no damage.
The phantom is heavily damaged.
The phantom hits you.
You barely miss the phantom. You peck the phantom, but do no damage.
The phantom is heavily damaged.
The phantom barely misses you.
Okay, then.
Your quokka zombie closely misses the phantom.
Your quokka zombie bites the phantom but does no damage.
There is a stone staircase leading up here.
You closely miss the phantom. You peck the phantom.
The phantom is heavily damaged.
The phantom hits you.
Your quokka zombie closely misses the phantom.
You barely miss the phantom.
The phantom is heavily damaged.
The phantom hits you.
* * * LOW HITPOINT WARNING * * *
The phantom blinks!
You blink.
Your quokka zombie barely misses the phantom.
Your quokka zombie barely misses the phantom.
There is a stone staircase leading up here.
Your quokka zombie bites the phantom.
You hit the phantom. You claw the phantom.
The phantom is heavily damaged.
The phantom hits you but does no damage.
Your quokka zombie misses the phantom.
You hit the phantom. Your kick misses the phantom.
The phantom is severely damaged.
The phantom hits you!
* * * LOW HITPOINT WARNING * * *
As you read the scroll of teleportation, it crumbles to dust.
You feel strangely unstable.
Your quokka zombie barely misses the phantom.
The phantom hits you.
You die...
Your body rises from the dead as a mindless zombie.

..........................
......................#
...............<# .
####.....................
..#.##......[.............#...
....#......<...........#.)#
..................?....###..
#.....$................ ...
............ZW@..#.....# ...
..........#......#...... ..
....#.....#...........
...#####.............. ..
##............. .
#..!.[........ ##............
###...#....#. #######..#


You could see a phantom and a friendly quokka zombie.

Vanquished Creatures
  A hornet (D:4)
  Sigmund (D:3)
  A scorpion (D:4)
  A howler monkey (D:3)
  A jelly (D:5)
  A bullfrog skeleton (D:4)
  Jessica (D:3)
  2 orc wizards (D:4)
  2 worker ants (D:4)
  A hound skeleton (D:4)
  A howler monkey skeleton (D:4)
  4 gnolls
  8 adders
  An ufetubus (D:4)
  An ooze (D:3)
  An adder skeleton (D:4)
  2 worms
  2 dart slugs
  4 leopard geckos
  9 orcs
  2 giant cockroaches
  7 goblins
  5 hobgoblins (D:3)
  3 jackals (D:2)
  3 quokkas
  A ball python (D:1)
  6 bats
  8 frilled lizards
  14 kobolds
  7 rats
101 creatures vanquished.

Vanquished Creatures (collateral kills)
  A quokka skeleton (D:4)
1 creature vanquished.

Vanquished Creatures (others)
  A frilled lizard zombie (D:4)
1 creature vanquished.

Grand Total: 103 creatures vanquished

Notes
Turn   | Place    | Note
-------+----------+-------------------------------------------
     0 | D:1      | skwiii the Tengu Venom Mage began the quest for the Orb.
     0 | D:1      | Reached XP level 1. HP: 10/10 MP: 4/4
    45 | D:1      | Reached skill level 1 in Transmutations
    45 | D:1      | Reached XP level 2. HP: 3/15 MP: 1/6
   326 | D:1      | Learned a level 2 spell: Poisonous Vapours
   863 | D:1      | Reached XP level 3. HP: 19/19 MP: 4/7
  1323 | D:2      | Learned a level 3 spell: Ignite Poison
  1981 | D:2      | Reached XP level 4. HP: 24/24 MP: 6/9
  2402 | D:2      | Found a broken altar of Ashenzari.
  3116 | D:3      | Found a basalt altar of Yredelemnul.
  3331 | D:3      | Reached skill level 4 in Poison Magic
  3349 | D:3      | Gained mutation: You can fly continuously. [Tengu growth]
  3349 | D:3      | Reached XP level 5. HP: 24/28 MP: 1/10
  3465 | D:3      | Became a worshipper of Yredelemnul the Dark
  4010 | D:3      | Noticed Jessica
  4037 | D:3      | Killed Jessica
  4608 | D:3      | Reached XP level 6. HP: 32/32 MP: 5/12
  4846 | D:3      | Noticed Sigmund
  4859 | D:3      | Killed Sigmund
  5338 | D:3      | Found a radiant altar of Vehumet.
  5338 | D:3      | Found a hide-covered altar of Uskayaw.
  5423 | D:4      | Reached skill level 5 in Poison Magic
  5423 | D:4      | Reached XP level 7. HP: 36/36 MP: 7/14
  5825 | D:5      | Entered Level 5 of the Dungeon
  5929 | D:4      | Reached * piety under Yredelemnul
  6154 | D:4      | Noticed a hornet
  6162 | D:4      | Killed a hornet
  6163 | D:4      | Reached skill level 1 in Unarmed Combat
  6961 | D:5      | Reached XP level 8. HP: 35/41 MP: 8/16
  7013 | D:5      | HP: 2/41 [phantom (9)]
  7014 | D:5      | Slain by a phantom

Illustrated notes

Levels and vault maps discovered:
D:1:      amcnicky_arrival_gap_in_the_tavern_cellar, layout_basic
D:2:      layout_basic, nicolae_ashenzari_panopticon
D:3:      kennysheep_six_static_rooms, layout_loops_corners,
          lemuel_crystal_altar, gammafunk_temple_overflow_statue, uniq_jessica,
          uniq_sigmund
D:4:      layout_cave_pools, minivault_14, hangedman_decor_lopped
D:5:      minmay_bubble_buster, layout_cave_pools, general_overflow_altar,
          uniq_ijyb

Skill      XL: |  1  2  3  4  5  6  7 |
---------------+----------------------+-----
Transmutations | 1 2 |  2.7
Dodging        | 3 4 |  4.2
Spellcasting   | 3 4 |  4.8
Poison Magic   | 4 5 |  5.7
Unarmed Combat | 2 |  2.3
Stealth        | |  2.0

Action                   |  1- 3 |  4- 6 |  7- 9 || total
-------------------------+-------+-------+-------++-------
Melee: Unarmed           |       |       |    53 ||    53
       Peck              |       |       |    13 ||    13
       Kick              |       |       |    10 ||    10
 Cast: Sting             |     8 |    32 |     2 ||    42
       Poisonous Vapours |    28 |    66 |    41 ||   135
Invok: Animate Remains   |       |       |     3 ||     3
  Use: Potion            |     2 |       |       ||     2
       Scroll            |       |     2 |     5 ||     7
Armor: Robe              |     2 |     9 |    14 ||    25
Dodge: Dodged            |    21 |    43 |    40 ||   104
Block: Other             |       |       |    15 ||    15

Table legend: (Time is in decaauts)
 A = Elapsed time spent in this place.
 B = Non-inter-level travel time spent in this place.
 C = Inter-level travel time spent in this place.
 D = Time resting spent in this place.
 E = Time spent auto-exploring this place.
 F = Levels seen in this place.
 G = Mean time per level.
                   A        B        C        D        E       F      G
               +--------+--------+--------+--------+--------+-----+--------+
         Total |   7016 |   6852 |    164 |   2924 |   1284 |   5 | 1403.2 |
       Dungeon |   7016 |   6852 |    164 |   2924 |   1284 |   5 | 1403.2 |
               +--------+--------+--------+--------+--------+-----+--------+

Top non-repeatable levels by time:
     D:3: 2749 daAuts
     D:2: 1847 daAuts
     D:1: 1218 daAuts
     D:4: 1131 daAuts
     D:5: 70 daAuts
